 Dungeon Crawl Stone Soup version 0.27-a0-1548-gf8a67e7463 (webtiles) character file.

Game seed: 9344815198438005677

57 Demosthentine the Poker (level 4, 0/34 HPs)
             Began as a Merfolk Gladiator on July 14, 2021.
             Succumbed to an adder's poison
             ... on level 3 of the Dungeon.
             The game lasted 00:01:10 (1740 turns).

Demosthentine the Poker (Merfolk Gladiator)         Turns: 1740, Time: 00:01:11

Health: 0/34       AC:  4    Str: 15    XL:     4   Next: 0%
Magic:  4/4        EV: 16    Int:  7    God:
Gold:   54         SH:  0    Dex: 15    Spells: 3/3 levels left

rFire    + . .     SeeInvis .   a - +1 trident
rCold    + . .     Faith    .   (no shield)
rNeg     . . .     Spirit   .   b - +0 leather armour
rPois    +         Reflect  .   c - +0 helmet
rElec    +         Harm     .   (no cloak)
rCorr    +         Rampage  .   (no gloves)
Will     .....                  (boots currently unavailable)
Stlth    ++........             (no amulet)
HPRegen  0.11/turn              (no ring)
MPRegen  0.09/turn              (no ring)

@: mighty, lethally poisoned (0 -> -1), resistant, very quick
A: nimble swimmer 2, mertail
a: no special abilities


You were on level 3 of the Dungeon.
You visited 1 branch of the dungeon, and saw 3 of its levels.

You collected 54 gold pieces.

Inventory:

Hand Weapons
 a - a +1 trident (weapon)
Missiles
 d - 3 throwing nets (quivered)
Armour
 b - a +0 leather armour (worn)
 c - a +0 helmet (worn)
Potions
 f - a potion of brilliance
 g - a potion of cancellation
 k - a potion of might


   Skills:
 + Level 2.9 Fighting
 + Level 5.1 Polearms
 - Level 2.0 Throwing
 + Level 1.0 Armour
 + Level 4.7 Dodging


You had 3 spell levels left.
You didn't know any spells.
Your spell library was empty.

Dungeon Overview and Level Annotations

Branches:
Dungeon (3/15)

Altars:


Innate Abilities, Weirdness & Mutations

You are quick and stealthy near water. (Stealth+, EV+, Speed+++)
Your lower body shifts to a powerful aquatic tail in water.


Message History

Your leather armour prevents you from hitting the adder.
The adder is heavily wounded.
You feel sick. The adder bites you.
You are more poisoned.
The adder poisons you!
You hit the adder.
The adder is severely wounded.
You feel sick. The adder bites you. x2
You are too injured to fight recklessly!
You are too injured to fight recklessly!
You are too injured to fight recklessly!
Your legs become a tail as you enter the water.
You feel sick.
Reach: a) +1 trident
Press: ? - help, Dir - move target, f - adder
Aim: an adder (severely wounded, about 56% to evade your +1 trident)
You reach to attack!
You miss the adder.
The adder is severely wounded.
* * * LOW HITPOINT WARNING * * *
You feel sick. The adder bites you.
* * * LOW HITPOINT WARNING * * *
Okay, then.
It was a potion of might.
You feel very mighty all of a sudden.
* * * LOW HITPOINT WARNING * * *
You feel sick. The adder closely misses you.
It was a potion of resistance.
You feel protected.
* * * LOW HITPOINT WARNING * * *
You feel sick. The adder bites you but does no damage.
Unknown command.
You puncture the adder!
You kill the adder!
* * * LOW HITPOINT WARNING * * *
You feel sick.
You have reached level 4!
Unknown command.
* * * LOW HITPOINT WARNING * * *
You feel sick.
You die...

######### ........##
≈≈.....## #.....#
##†..### #≈≈..>.#
#≈≈....##########
#####≈≈≈...#........#
#≈≈≈≈@≈≈...#.######.#
#≈≈≈≈≈≈≈...#.# #.#
#≈≈≈≈≈≈≈.....# #.#
)###≈≈≈≈≈.###### ###
..##≈≈≈.......#
#.##≈≈.#.###.# ###
#.##..#.#
≈≈≈≈##...##.#
≈≈≈≈≈...<.#..


There were no monsters in sight!

Vanquished Creatures
  2 adders (D:3)
  A worm (D:2)
  A dart slug (D:2)
  4 endoplasms (D:1)
  2 giant cockroaches
  3 goblins
  6 hobgoblins
  5 kobolds
  4 ball pythons
  A rat (D:2)
29 creatures vanquished.

Notes
Turn   | Place    | Note
-------+----------+-------------------------------------------
     0 | D:1      | Demosthentine the Merfolk Gladiator began the quest for the
                  | Orb.
     0 | D:1      | Reached XP level 1. HP: 16/16 MP: 1/1
   185 | D:1      | Reached XP level 2. HP: 23/23 MP: 2/2
   959 | D:2      | Reached XP level 3. HP: 27/28 MP: 3/3
  1521 | D:2      | Reached skill level 5 in Polearms
  1588 | D:3      | Reached skill level 1 in Armour
  1737 | D:3      | HP: 1/28 [poisoned by an adder]
  1738 | D:3      | Reached XP level 4. HP: 2/34 MP: 4/4
  1740 | D:3      | Succumbed to an adder's poison

Illustrated notes

Levels and vault maps discovered:
D:1:      minmay_arrival_five_plusses, layout_loops_ring, minmay_pentomino_x2
D:2:      minmay_wonky_spiral, layout_basic, hex_intersection
D:3:      layout_basic, led_xom_imps, mainiacjoe_overflow_catwalk,
          shapermc_ecumenical_altar_pompeii, grunt_decor_junction

Skill      XL: |  1  2  3 |
---------------+----------+-----
Polearms       | 5 |  5.1
Armour         | 1 |  1.0
Fighting       | |  2.9
Throwing       | |  2.0
Dodging        | |  4.7

Action                   |  1- 3 |  4- 6 || total
-------------------------+-------+-------++-------
Melee: Trident           |    90 |       ||    90
  Use: Scroll            |     4 |       ||     4
       Potion            |     2 |       ||     2
 Stab: Sleeping          |     2 |       ||     2
Armor: Leather armour    |    17 |       ||    17
Dodge: Dodged            |    31 |       ||    31

Table legend: (Time is in decaauts)
 A = Elapsed time spent in this place.
 B = Non-inter-level travel time spent in this place.
 C = Inter-level travel time spent in this place.
 D = Time resting spent in this place.
 E = Time spent auto-exploring this place.
 F = Levels seen in this place.
 G = Mean time per level.
                   A        B        C        D        E       F      G
               +--------+--------+--------+--------+--------+-----+--------+
         Total |   1744 |   1644 |    100 |      0 |   1464 |   3 |  581.3 |
       Dungeon |   1744 |   1644 |    100 |      0 |   1464 |   3 |  581.3 |
               +--------+--------+--------+--------+--------+-----+--------+

Top non-repeatable levels by time:
     D:2: 816 daAuts
     D:1: 767 daAuts
     D:3: 160 daAuts
